AoeStats
← BOLAEXTRA

Scandinavia

510412047Analyzed
1v1 RM · 2d ago on Sep 30, 2026· 36m 14s· 2 players
Game mode
Random Map
Map size
Tiny (2 player)
Population
200
Speed
Normal
Resources
Standard
Victory
Conquest
Starting age
Dark Age
Ending age
Imperial Age
RankedLock teamsTeams togetherTeam positionsShared explorationLock speedFull tech treeHidden civsTurbo modeCheats
Victory
Defeat
🇬🇧 Italians · United Kingdom
959
+18
🇦🇷 Aztecs · Argentina
1012
-18
TaimurMojo9865
6:23 Loom
9:30 Feudal Age
10:18 Double-Bit Axe
13:14 Fletching
19:39 Castle Age
19:18 Padded Archer Armor
19:40 Bloodlines
19:37 Scale Barding Armor
21:21 Wheelbarrow
20:13 Crossbowman
21:42 Gold Mining
22:42 Horse Collar
23:47 Bodkin Arrow
25:11 Bow Saw
25:42 Stone Mining
27:36 Thumb Ring
32:59 Imperial Age
30:14 Light Cavalry
31:25 Ballistics
31:58 Leather Archer Armor
32:14 Husbandry
33:37 Arbalester
35:51 Bracer
BOLAEXTRA
8:25 Loom
10:35 Feudal Age
15:16 Castle Age
13:56 Double-Bit Axe
15:37 Eagle Warrior
21:07 Squires
24:46 Scale Mail Armor
25:29 Wheelbarrow
25:52 Chain Mail Armor
26:27 Forging
31:28 Fletching
32:25 Bodkin Arrow
35:40 Imperial Age
Connection lost

Rejoining the realm…

Still unreachable

The connection could not be restored.

Session expired

The server has moved on; the page needs a fresh start.